 Dungeon Crawl Stone Soup version 0.28-a0-1184-g53156a8862 (webtiles) character file.

Game seed: 5454090996205106756

42 MalarOregon the Magician (level 3, 0/27 HPs)
             Began as a Palentonga Hedge Wizard on Dec 18, 2021.
             Slain by Natasha (6 damage)
             ... on level 2 of the Dungeon.
             The game lasted 00:05:57 (1811 turns).

MalarOregon the Magician (Palentonga Hedge Wizard)  Turns: 1811, Time: 00:05:57

Health: 0/27       AC:  4    Str: 13    XL:     3   Next: 33%
Magic:  4/7        EV:  9    Int: 16    God:
Gold:   6          SH:  0    Dex:  9    Spells: 7/8 levels left

rFire   . . .      SeeInvis +   a - +0 dagger
rCold   . . .      Faith    .   (no shield)
rNeg    . . .      Spirit   .   b - +0 robe
rPois   .          Reflect  .   c - +0 hat
rElec   .          Harm     .   (no cloak)
rCorr   .          Rampage  .   (no gloves)
Will    .....                   (no barding)
Stlth   +.........              (no amulet)
HPRegen 0.09/turn               (no ring)
MPRegen 0.10/turn               (no ring)

@: slowed, very slow
A: large, rugged brown scales 3, see invisible, deformed body, roll 1, armoured
tail
a: Rolling Charge


You were on level 2 of the Dungeon.
You visited 1 branch of the dungeon, and saw 2 of its levels.

You collected 6 gold pieces.

Inventory:

Hand Weapons
 a - a +0 dagger (weapon)
Missiles
 f - 19 poisoned darts
Armour
 b - a +0 robe (worn)
 c - a +0 hat (worn)
Scrolls
 e - a scroll of blinking {unknown}
 g - a scroll of fog {unknown}
Potions
 d - a potion of brilliance {unknown}
 h - a potion of flight {unknown}


   Skills:
 + Level 1.0 Fighting
 + Level 1.9 Dodging
 - Level 1.2 Stealth
 + Level 3.2 Spellcasting
 + Level 1.4 Conjurations
 + Level 1.2 Summonings
 + Level 1.4 Translocations


You had 7 spell levels left.
You knew the following spells:

 Your Spells              Type           Power      Damage    Failure   Level
a - Magic Dart            Conj           28%        1d4       11%         1

Your spell library contained the following spells:

 Spells                   Type           Power      Damage    Failure   Level
 Blink                    Tloc           14%        N/A       16%         2
 Call Imp                 Summ           6%         N/A       17%         2
 Slow                     Hex            8%         N/A       19%         1
 Conjure Flame            Conj/Fire      4%         6-21      38%         3
 Mephitic Cloud           Conj/Pois/Air  4%         N/A       41%         3


Dungeon Overview and Level Annotations

Branches:
Dungeon (2/15)

Altars:

Annotations:
D:2 Natasha


Innate Abilities, Weirdness & Mutations

You are completely covered in rugged brown scales. (AC +3, +7% HP)
You have supernaturally acute eyesight. (SInv)
Armour fits poorly on your strangely shaped body.
You can roll at nearby foes to attack.
You have a long armoured tail.


Message History

That beam is likely to hit you.
Continue anyway? [Y]es or [N]o only, please.
That beam is likely to hit you.
Continue anyway? [Y]es or [N]o only, please.
That beam is likely to hit you.
Continue anyway?
Okay, then.
An orc comes into view. It is wielding a +0 hand axe.
An orc is nearby!
An orc is nearby!
Aim: an orc, wielding a +0 hand axe (asleep, 100% to hit)
The magic dart hits the orc.
The orc shouts!
You hear an angry hiss.
Aim: an orc, wielding a +0 hand axe (lightly wounded, 100% to hit)
The magic dart hits the orc.
Natasha, Servant of Life and Death comes into view.
A rat comes into view.
Roll where?
Aim: an orc, wielding a +0 hand axe (heavily wounded)
You roll forward with a clatter of scales!
You hit the orc but do no damage. You tail-slap the orc.
You kill the orc!
You hit the rat. The rat bites you.
You barely miss the rat.
Your tail-slap misses the rat.
The rat barely misses you.
Natasha mumbles some strange words.
You closely miss the rat. The rat bites you but does no damage.
You hit the rat.
You kill the rat!
Aim: Natasha (100% to hit)
The magic dart hits Natasha.
Natasha closely misses you.
Aim: Natasha (lightly wounded, 100% to hit)
The magic dart hits Natasha.
Natasha claws you!
Aim: Natasha (lightly wounded, 100% to hit)
The magic dart hits Natasha but does no damage.
Natasha claws you.
You hit Natasha. Natasha claws you!
* * * LOW HITPOINT WARNING * * *
Natasha casts a spell at you.
You feel yourself slow down.
You see here a bat corpse.
Natasha claws you but does no damage.
Natasha stares at you and mumbles some strange words.
The magic dart hits you.
* * * LOW HITPOINT WARNING * * *
Natasha wildly gestures.
You feel troubled.
Natasha mumbles some strange words.
Natasha claws you.
You die...

#.# .. #.###.#
.#
#.....####.#
#####.†.5).#
#.....####...#
#.###5## #.# #
#..# ..
##.#.###h.# #
.......@5.#
..###..<..#
#.....#
#.####... #.
.#... #. .. .#
# ### #


You could see Natasha, a crimson imp (summoned) and a shadow imp (summoned).

Vanquished Creatures
  A dart slug (D:1)
  An orc (D:2)
  3 endoplasms (D:1)
  A giant cockroach (D:1)
  3 goblins (D:1)
  4 hobgoblins (D:1)
  2 jackals (D:1)
  2 kobolds (D:1)
  A quokka (D:1)
  6 ball pythons (D:1)
  5 bats
  2 frilled lizards (D:1)
  4 rats
35 creatures vanquished.

Notes
Turn   | Place    | Note
-------+----------+-------------------------------------------
     0 | D:1      | MalarOregon the Palentonga Hedge Wizard began the quest for
                  | the Orb.
     0 | D:1      | Reached XP level 1. HP: 13/13 MP: 4/4
   243 | D:1      | Reached skill level 1 in Conjurations
   286 | D:1      | Reached skill level 1 in Summonings
   495 | D:1      | Reached XP level 2. HP: 20/20 MP: 3/6
  1070 | D:1      | Reached XP level 3. HP: 26/26 MP: 1/7
  1513 | D:1      | Reached skill level 1 in Fighting
  1795 | D:2      | Noticed Natasha
  1811 | D:2      | Slain by Natasha

Illustrated notes

Levels and vault maps discovered:
D:1:      eino_arrival_cavern_d, layout_loops_ring
D:2:      kennysheep_six_static_rooms, layout_basic, minmay_misc_feat_cross,
          minmay_misc_feat_square, uniq_natasha, uniq_jessica

Skill      XL: |  1  2  3 |
---------------+----------+-----
Conjurations   | 1 |  1.4
Summonings     | 1 |  1.2
Fighting       | 1 |  1.0
Dodging        | |  1.9
Stealth        | |  1.2
Spellcasting   | |  3.2
Translocations | |  1.4

Action                   || total
-------------------------++-------
Melee: Dagger            ||    60
       Tailslap          ||     5
 Cast: Magic Dart        ||    76
 Abil: Rolling Charge    ||     4
Armor: Robe              ||    21
Dodge: Dodged            ||    40

Table legend: (Time is in decaauts)
 A = Elapsed time spent in this place.
 B = Non-inter-level travel time spent in this place.
 C = Inter-level travel time spent in this place.
 D = Time resting spent in this place.
 E = Time spent auto-exploring this place.
 F = Levels seen in this place.
 G = Mean time per level.
                   A        B        C        D        E       F      G
               +--------+--------+--------+--------+--------+-----+--------+
         Total |   1813 |   1800 |     13 |    269 |   1240 |   2 |  906.5 |
       Dungeon |   1813 |   1800 |     13 |    269 |   1240 |   2 |  906.5 |
               +--------+--------+--------+--------+--------+-----+--------+

Top non-repeatable levels by time:
     D:1: 1777 daAuts
     D:2: 36 daAuts
